 Dungeon Crawl Stone Soup version 0.21.0-3-g78d12a8 (webtiles) character file.

31728 HEYYEYAAE the Geomancer (level 13, 0/103 HPs)
             Began as a Demigod Earth Elementalist on Jan 14, 2018.
             Killed from afar by Azrael (31 damage)
             ... with a fireball
             ... on level 14 of the Dungeon.
             The game lasted 00:57:31 (13568 turns).

HEYYEYAAE the Geomancer (DgEE)                     Turns: 13568, Time: 00:57:32

Health: 0/103      AC:  7    Str: 11    XL:     13   Next: 0%
Magic:  18/54      EV: 19    Int: 43    God:
Gold:   107        SH:  9    Dex: 24    Spells: 12/30 levels left

rFire    . . .     SeeInvis .   W - staff of power
rCold    + . .     Gourm    .   p - +2 buckler
rNeg     . . .     Faith    .   s - +2 robe {Archmagi}
rPois    .         Spirit   .   (no helmet)
rElec    .         Reflect  .   C - scarf {rC+ rF+}
rCorr    .         Harm     .   c - +0 pair of gloves of Quibb {*Corrode Int+3 Dex+4 Slay+2}
MR       +....                  L - +0 pair of boots of Omission {rF- Int+7 Dex+4 Stlth-}
Stlth    +.........             z - amulet of magic regeneration
HPRegen  0.27/turn              N - +6 ring of intelligence
MPRegen  0.59/turn              w - ring of magical power

@: no status effects
A: high mp 1
a: no special abilities


You were on level 14 of the Dungeon.
You were hungry.

You visited 1 branch of the dungeon, and saw 14 of its levels.
You also visited: Ice Cave.

You collected 925 gold pieces.
You spent 818 gold pieces at shops.

Inventory:

Missiles
 g - 225 stones (quivered)
Armour
 c - the +0 pair of gloves of Quibb (worn) {*Corrode Int+3 Dex+4 Slay+2}
   (You acquired it on level 14 of the Dungeon)

   It affects your intelligence (+3).
   It affects your dexterity (+4).
   It affects your accuracy and damage with ranged weapons and melee attacks
   (+2).
   It may corrode you when you take damage.
 p - a +2 buckler (worn)
 s - a +2 robe of the Archmagi (worn)
 C - a scarf of resistance (worn)
 L - the +0 pair of boots of Omission (worn) {rF- Int+7 Dex+4 Stlth-}
   (You found it on level 8 of the Dungeon)

   It affects your intelligence (+7).
   It affects your dexterity (+4).
   It makes you vulnerable to fire.
   It makes you less stealthy.
Magical Staves
 T - an uncursed staff of air
 W - an uncursed staff of power (weapon)
Jewellery
 q - an uncursed ring of positive energy
 w - a ring of magical power (right hand)
 z - an amulet of magic regeneration (around neck)
 G - an uncursed ring of wizardry
 H - an uncursed ring of poison resistance
 M - an uncursed amulet of regeneration
 N - a +6 ring of intelligence (left hand)
 U - an uncursed ring of protection from cold {unknown}
 V - an uncursed ring of ice {unknown}
Wands
 k - a wand of flame (21)
 u - a wand of enslavement (12)
 A - a wand of iceblast (12)
 E - a wand of polymorph (9)
 Y - a wand of acid (2)
Scrolls
 a - 2 scrolls of magic mapping
 b - 10 scrolls of remove curse
 j - 5 scrolls of amnesia
 l - a scroll of enchant armour
 o - 7 scrolls of teleportation
 r - 2 scrolls of enchant weapon
 t - 5 scrolls of fog
 x - a scroll of random uselessness
 y - a scroll of brand weapon {unknown}
 D - 5 scrolls of blinking
 J - a scroll of torment
 O - a scroll of fear {unknown}
 Q - a scroll of immolation
Potions
 f - a potion of haste {unknown}
 i - 8 potions of curing
 m - 3 potions of agility
 n - 2 potions of flight
 v - a potion of lignification
 B - a potion of magic
 F - a potion of cancellation
 I - a potion of ambrosia {unknown}
 K - 4 potions of might
 X - a potion of brilliance {unknown}
Miscellaneous
 e - a phantom mirror
 h - a sack of spiders
 S - a crystal ball of energy
Comestibles
 d - 32 rations


   Skills:
 + Level 6.5 Fighting
 + Level 5.8 Staves
 + Level 6.7 Armour
 + Level 7.1 Dodging
 - Level 1.7 Stealth
 + Level 6.6 Shields
 * Level 9.1 Spellcasting
 - Level 0.8 Transmutations
 * Level 10.2 Earth Magic
 + Level 6.2 Evocations


You had 12 spell levels left.
You knew the following spells:

 Your Spells              Type           Power        Failure   Level  Hunger
a - Sandblast             Erth           ######       1%          1    None
b - Stone Arrow           Conj/Erth      ######       1%          3    None
c - Lee's Rapid Deconstr  Erth           ########..   1%          5    #......
d - Petrify               Tmut/Erth      #######.     1%          4    None
e - Aura of Abjuration    Summ           ####......   41%         5    #......


Dungeon Overview and Level Annotations

Branches:
Dungeon (14/15)            Temple (0/1) D:5            Lair (0/6) D:8
    Orc (0/2) D:11         Vaults (0/5) D:13

Shops:
D:4 [   D:5 ?   D:9 [   D:14 ?

Annotations:
D:14 Azrael


Innate Abilities, Weirdness & Mutations

You have an increased reservoir of magic. (+10% MP)


Message History

Azrael burns you.
Unknown command.
Casting: Stone Arrow
Confirm with . or Enter, or press ? or * to list all spells.
Aiming: Stone Arrow
Press: ? - help, Shift-Dir - straight line, f/p - Azrael
Aim: Azrael, wielding a scimitar of flaming (severely wounded)
You feel a surge of power!
The stone arrow hits Azrael.
Azrael is almost dead.
Azrael gestures at you. The bolt of fire hits you!
Unknown command.
Okay, then.
Evoke which item? (* to show all) (? for menu, Esc to quit)
Okay, then.
Unknown command.
Unknown command.
Azrael gestures at you.
The fireball explodes!
The fireball engulfs you!
You die...

#........###≈≈
#...# ####.....#
## #...# #####.#
#.### #.# #.# #.#
### #.#
#.#########
#.........#
.###########@#####
.?.§....<%ER.#
.#############


You could see Azrael and a fire elemental.

Vanquished Creatures
  A frost giant (IceCv)
  2 hydras (D:14)
  A vault guard (D:13)
  Erica (D:11)
  3 two-headed ogres
  3 centaur warriors (D:13)
  3 death yaks (IceCv)
  Pikel (D:9)
  An ugly thing (D:11)
  A deep elf mage (D:14)
  A cyclops (D:13)
  An ice statue (IceCv)
  3 gargoyles
  A torpor snail (D:10)
  2 kobold demonologists
  2 tengu conjurers (D:13)
  3 trolls
  9 polar bears (IceCv)
  A hornet (D:11)
  2 hippogriffs
  A wraith (D:12)
  2 shadows
  3 water elementals (D:14)
  A spriggan (D:7)
  31 yaks
  A wyvern (D:10)
  2 basilisks
  A steam dragon (D:10)
  2 fire elementals (D:14)
  Grum (D:11)
  A naga (D:10)
  2 hungry ghosts
  An acid dragon (D:14)
  3 hell hounds (D:14)
  3 eyes of draining
  6 ice beasts
  3 phantoms
  A slave (D:9)
  5 sky beasts
  6 orc warriors
  9 ogres
  11 centaurs
  7 wolves
  3 big kobolds
  7 bullfrogs
  A wyvern skeleton (D:12)
  A water moccasin skeleton (D:4)
  3 scorpions
  8 wights
  10 howler monkeys
  An electric eel (D:14)
  4 crimson imps
  2 centaur zombies
  2 bullfrog zombies
  2 quasits
  2 jellies
  8 orc priests
  5 hounds
  A centaur skeleton (D:11)
  A bullfrog skeleton (D:5)
  Ijyb (D:3)
  Terence (D:3)
  3 iguanas
  11 orc wizards
  15 worker ants
  2 hound zombies
  3 gnolls (D:6)
  15 adders
  5 shadow imps
  4 oozes
  An adder zombie (D:5)
  3 worms
  4 adder skeletons
  2 dart slugs
  6 leopard geckos
  30 orcs
  11 bats
  11 giant cockroaches
  20 goblins
  16 hobgoblins
  4 jackals (D:11)
  3 quokkas
  A ball python (D:3)
  5 frilled lizards
  16 kobolds
  A leopard gecko skeleton (D:6)
  2 leopard gecko zombies
  9 rats
411 creatures vanquished.

Vanquished Creatures (collateral kills)
  A scorpion (shapeshifter) (D:13)
  An orc (D:13)
2 creatures vanquished.

Vanquished Creatures (others)
  An ugly thing (D:13)
  A hornet (D:11)
  3 yaks (IceCv)
  An ice beast (D:9)
  3 wolves (IceCv)
  An adder (D:9)
10 creatures vanquished.

Grand Total: 423 creatures vanquished

Notes
Turn   | Place    | Note
-------+----------+-------------------------------------------
     0 | D:1      | HEYYEYAAE the Demigod Earth Elementalist began the quest for the Orb.
     0 | D:1      | Reached XP level 1. HP: 14/14 MP: 5/5
   275 | D:1      | Reached skill level 3 in Earth Magic
   275 | D:1      | Reached XP level 2. HP: 22/22 MP: 1/7
   516 | D:1      | Reached XP level 3. HP: 20/27 MP: 0/9
   971 | D:1      | Found a glowing golden altar of the Shining One.
  1131 | D:2      | Reached XP level 4. HP: 34/34 MP: 2/10
  1210 | D:2      | Found a white marble altar of Elyvilon.
  1269 | D:2      | Reached skill level 1 in Fighting
  1271 | D:2      | Found an ancient bone altar of Kikubaaqudgha.
  1580 | D:3      | Reached skill level 1 in Armour
  1740 | D:3      | Reached XP level 5. HP: 38/40 MP: 3/12
  2073 | D:3      | Found a glowing golden altar of the Shining One.
  2073 | D:3      | Found a radiant altar of Vehumet.
  2096 | D:3      | Noticed Terence
  2103 | D:3      | Killed Terence
  2103 | D:3      | Reached skill level 1 in Shields
  2144 | D:3      | Noticed an ogre
  2154 | D:3      | Killed an ogre
  2154 | D:3      | Reached skill level 4 in Earth Magic
  2375 | D:3      | Noticed Ijyb
  2383 | D:3      | Reached XP level 6. HP: 36/47 MP: 12/13
  2408 | D:3      | HP: 2/47 [Ijyb/wand of flame (23) (5)]
  2651 | D:3      | Killed Ijyb
  2932 | D:4      | Learned a level 3 spell: Stone Arrow
  3043 | D:4      | Found a shimmering altar of Xom.
  3044 | D:4      | Found a shimmering altar of Xom.
  3045 | D:4      | Found a shimmering altar of Xom.
  3045 | D:4      | Found a shimmering altar of Xom.
  3190 | D:4      | Found Gorum's Armour Boutique.
  3223 | D:4      | Reached XP level 7. HP: 50/53 MP: 15/15
  3746 | D:5      | Entered Level 5 of the Dungeon
  3812 | D:5      | Found a staircase to the Ecumenical Temple.
  3956 | D:5      | Found Weupsas's Magic Scroll Boutique.
  3959 | D:5      | Bought a scroll of identify for 26 gold pieces
  3959 | D:5      | Bought a scroll of teleportation for 39 gold pieces
  3959 | D:5      | Bought a scroll of identify for 26 gold pieces
  3959 | D:5      | Bought a scroll of remove curse for 39 gold pieces
  3959 | D:5      | Bought a scroll of blinking for 97 gold pieces
  3959 | D:5      | Bought a scroll of teleportation for 39 gold pieces
  4102 | D:5      | Found a hazy altar of Hepliaklqana.
  4208 | D:5      | Reached skill level 5 in Earth Magic
  4499 | D:5      | Reached skill level 1 in Evocations
  4499 | D:5      | Reached XP level 8. HP: 53/62 MP: 7/18
  5185 | D:6      | Reached skill level 1 in Staves
  5521 | D:6      | Reached skill level 5 in Spellcasting
  5912 | D:7      | Reached skill level 6 in Earth Magic
  5946 | D:7      | Reached XP level 9. HP: 39/70 MP: 1/20
  6396 | D:7      | Found an opulent altar of Gozag.
  6929 | D:8      | Noticed a kobold demonologist
  6932 | D:8      | Noticed a soul eater
  6934 | D:8      | Noticed a sixfirhy
  6940 | D:8      | Noticed a gargoyle
  7000 | D:8      | Killed a kobold demonologist
  7069 | D:8      | Found a staircase to the Lair.
  7072 | D:8      | Got a pair of translucent boots
  7083 | D:8      | Identified the +0 pair of boots of Omission {rF- Int+7 Dex+4 Stlth-} (You found it on level 8 of the Dungeon)
  7123 | D:8      | Killed a gargoyle
  7131 | D:8      | Identified Cosel's Collected Works on Fetching Self-Improvement
  7288 | D:8      | Noticed a two-headed ogre
  7294 | D:8      | Killed a two-headed ogre
  7294 | D:8      | Reached skill level 7 in Earth Magic
  7755 | D:9      | Reached XP level 10. HP: 78/78 MP: 12/23
  7791 | D:9      | Noticed Pikel
  7796 | D:9      | Killed Pikel
  7844 | D:9      | Found a snail-covered altar of Cheibriados.
  7923 | D:9      | Found Nogov's Armour Emporium.
  7998 | D:9      | Reached skill level 5 in Dodging
  8387 | D:10     | Entered Level 10 of the Dungeon
  9400 | D:10     | Noticed a centaur warrior
  9404 | D:10     | Noticed a torpor snail
  9404 | D:10     | a centaur warrior changed into a torpor snail
  9410 | D:10     | Killed a torpor snail
  9647 | D:10     | Learned a level 5 spell: Lee's Rapid Deconstruction
  9652 | D:10     | Learned a level 4 spell: Petrify
  9716 | D:11     | Noticed Grum
  9724 | D:11     | Killed Grum
  9740 | D:11     | Reached skill level 5 in Armour
  9741 | D:11     | Reached skill level 8 in Earth Magic
  9789 | D:11     | Found a frozen archway.
  9798 | IceCv    | Entered an ice cave
  9854 | IceCv    | Reached skill level 5 in Shields
  9854 | IceCv    | Reached XP level 11. HP: 85/85 MP: 18/25
  9917 | IceCv    | Reached skill level 5 in Fighting
 10199 | IceCv    | Noticed a death yak
 10199 | IceCv    | Noticed a death yak
 10210 | IceCv    | Killed a death yak
 10221 | IceCv    | Killed a death yak
 10477 | IceCv    | Noticed a death yak
 10477 | IceCv    | Noticed a frost giant
 10487 | IceCv    | Killed a death yak
 10491 | IceCv    | Reached skill level 5 in Evocations
 10491 | IceCv    | Killed a frost giant
 10491 | IceCv    | Reached skill level 9 in Earth Magic
 10945 | D:11     | Noticed a two-headed ogre
 10960 | D:11     | Killed a two-headed ogre
 10960 | D:11     | Reached XP level 12. HP: 37/95 MP: 2/28
 11011 | D:11     | Found a staircase to the Orcish Mines.
 11241 | D:11     | Noticed Erica
 11407 | D:11     | Killed Erica
 11407 | D:11     | Reached skill level 5 in Staves
 11720 | D:12     | Learned a level 5 spell: Aura of Abjuration
 12001 | D:13     | Noticed a centaur warrior
 12006 | D:13     | Killed a centaur warrior
 12053 | D:13     | Noticed a centaur warrior
 12067 | D:13     | Killed a centaur warrior
 12068 | D:13     | Noticed a centaur warrior
 12089 | D:13     | Killed a centaur warrior
 12484 | D:13     | Noticed a vault guard
 12584 | D:13     | Killed a vault guard
 12608 | D:13     | Found a gate to the Vaults.
 12705 | D:13     | Reached skill level 10 in Earth Magic
 13059 | D:14     | Noticed an eight-headed hydra
 13068 | D:14     | Killed an eight-headed hydra
 13236 | D:14     | Found Piryqur's Magic Scroll Emporium.
 13245 | D:14     | Bought a scroll of identify for 32 gold pieces
 13245 | D:14     | Bought a scroll of identify for 32 gold pieces
 13245 | D:14     | Bought a scroll of teleportation for 48 gold pieces
 13245 | D:14     | Bought a scroll of blinking for 120 gold pieces
 13245 | D:14     | Bought a scroll of blinking for 120 gold pieces
 13245 | D:14     | Bought a scroll of teleportation for 48 gold pieces
 13245 | D:14     | Bought a scroll of identify for 32 gold pieces
 13245 | D:14     | Bought a scroll of blinking for 120 gold pieces
 13250 | D:14     | Identified a scroll of acquirement
 13254 | D:14     | Got a pair of warped gloves
 13265 | D:14     | Identified the +0 pair of gloves of Quibb {*Corrode Int+3 Dex+4 Slay+2} (You acquired it on level 14 of the Dungeon)
 13362 | D:14     | Noticed a four-headed hydra
 13366 | D:14     | Killed a four-headed hydra
 13555 | D:14     | Noticed Azrael
 13564 | D:14     | Reached XP level 13. HP: 66/103 MP: 24/30
 13568 | D:14     | Killed from afar by Azrael

Skill      XL: |  1  2  3  4  5  6  7  8  9 10 11 12 |
---------------+-------------------------------------+-----
Spellcasting   | 2 3 4 5 6 7 8 9 |  9.1
Earth Magic    | 3 4 5 6 7 8 9 10 | 10.2
Dodging        | 2 3 4 5 6 7 |  7.1
Fighting       | 1 2 3 4 5 6 |  6.5
Armour         | 1 2 3 4 5 6 |  6.7
Shields        | 1 2 3 4 5 6 |  6.6
Evocations     | 1 2 3 4 5 6 |  6.2
Staves         | 1 3 4 5 |  5.8
Stealth        | |  1.7
Transmutations | |  0.8

Action                   |  1- 3 |  4- 6 |  7- 9 | 10-12 | 13-15 || total
-------------------------+-------+-------+-------+-------+-------++-------
Melee: Unarmed           |    22 |    15 |    12 |       |       ||    49
       Dagger            |       |       |    13 |    14 |       ||    27
       Staff             |       |       |       |     6 |       ||     6
Throw: Stone             |       |       |       |     1 |       ||     1
 Cast: Sandblast         |    63 |   144 |    36 |    42 |       ||   285
       Stone Arrow       |       |       |   159 |   293 |     3 ||   455
       Lee's Rapid Decon |       |       |       |    40 |     1 ||    41
       Petrify           |       |       |       |    23 |       ||    23
Evoke: Wand              |       |       |    23 |    26 |       ||    49
  Use: Scroll            |       |     4 |     7 |    18 |       ||    29
       Potion            |       |     1 |       |     3 |       ||     4
 Stab: Petrified         |       |       |       |     3 |       ||     3
       Petrifying        |       |       |       |     1 |       ||     1
  Eat: Chunk             |     1 |     7 |    12 |    13 |       ||    33
       Ration            |       |       |     2 |     2 |       ||     4
Armor: Robe              |    12 |       |    14 |    31 |       ||    57
       Skin              |     1 |     6 |       |       |       ||     7
       Leather armour    |       |    21 |     3 |       |       ||    24
Dodge: Dodged            |    36 |    52 |    49 |   102 |       ||   239
Block: Buckler           |       |       |    34 |    73 |       ||   107
